 Dungeon Crawl Stone Soup version 0.22-a0-284-g99d1f74 (webtiles) character file.

17462 Gildeon the Severer (level 12, 0/96 HPs)
             Began as a Minotaur Fighter on Mar 21, 2018.
             Was a Priest of Qazlal.
             Slain by a crocodile (1 damage)
             ... on level 2 of the Lair of Beasts.
             The game lasted 01:16:16 (11490 turns).

Gildeon the Severer (Minotaur Fighter)             Turns: 11490, Time: 01:16:16

Health: 0/96       AC: 15    Str: 31    XL:     12   Next: 19%
Magic:  19/19      EV:  8    Int: 12    God:    Qazlal [***...]
Gold:   312        SH: 18    Dex: 13    Spells: 17/21 levels left

rFire    + . .     SeeInvis .   c - +3 hand axe (flame)
rCold    . . .     Gourm    .   o - +0 shield
rNeg     . . .     Faith    .   v - +0 plate armour
rPois    .         Spirit   .   (helmet restricted)
rElec    .         Reflect  +   p - +0 cloak
rCorr    .         Harm     .   (no gloves)
MR       .....                  (no boots)
Stlth    ..........             A - +3 amulet of reflection
HPRegen  0.26/turn              m - ring of Amorality {Str+9 Int+6 Slay+6}
MPRegen  0.16/turn              t - ring of flight

@: about to teleport
A: retaliatory headbutt, horns 2, rugged brown scales 1, fire resistance 1,
shaggy fur 1, wild magic 1
a: Upheaval, Elemental Force, Renounce Religion, Evoke Flight


You were on level 2 of the Lair of Beasts.
You worshipped Qazlal.
Qazlal was most pleased with you.
You were not hungry.

You visited 3 branches of the dungeon, and saw 15 of its levels.
You also visited: Sewer.

You collected 765 gold pieces.
You spent 453 gold pieces at shops.

Inventory:

Hand Weapons
 a - a +1 war axe
 b - a +3 hand axe of venom
 c - a +3 hand axe of flaming (weapon)
 n - a +4 hand axe
Armour
 o - a +0 shield (worn)
 p - a +0 cloak (worn)
 v - a +0 plate armour (worn)
Jewellery
 m - the ring of Amorality (left hand) {Str+9 Int+6 Slay+6}
   (You found it on level 4 of the Dungeon)

   [ring of slaying]

   It affects your strength (+9).
   It affects your intelligence (+6).
   It affects your accuracy and damage with ranged weapons and melee attacks
   (+6).
 t - a ring of flight (right hand)
 x - an uncursed ring of fire
 A - a +3 amulet of reflection (around neck)
Wands
 h - a wand of flame (18)
 j - a wand of iceblast (24)
Scrolls
 e - 6 scrolls of teleportation
 r - 6 scrolls of fear
 w - 2 scrolls of remove curse
Potions
 g - a potion of might
 i - 3 potions of curing
 k - 2 potions of heal wounds
 l - a potion of cancellation
 q - a potion of mutation
 s - a potion of lignification {unknown}
 u - 2 potions of magic
Comestibles
 d - 12 chunks of flesh
 f - 28 rations


   Skills:
 - Level 5.2 Fighting
 - Level 15.8 Axes
 - Level 5.2 Armour
 - Level 5.5 Dodging
 - Level 5.1 Shields
 - Level 5.3 Spellcasting
 + Level 4.5 Hexes
 - Level 3.2 Necromancy
 - Level 5.0 Invocations
 - Level 1.2 Evocations


You had 17 spell levels left.
You knew the following spells:

 Your Spells              Type           Power        Failure   Level  Hunger
a - Animate Skeleton      Necr           N/A          89%         1    None
b - Corona                Hex            ###....      75%         1    None
c - Pain                  Necr           ##..         89%         1    None
d - Summon Small Mammal   Summ           #...         100%        1    None


Dungeon Overview and Level Annotations

Branches:
Dungeon (11/15)            Temple (1/1) D:7            Lair (3/6) D:10
    Orc (0/2) D:9
  Swamp: Lair:2-4    Shoals: Lair:2-4     Snake: Lair:2-4    Spider: Lair:2-4

Altars:
Cheibriados
Dithmenos
Elyvilon
Gozag
Kikubaaqudgha
Makhleb
Nemelex Xobeh
Okawaru
Qazlal
Ru
Sif Muna
Trog
Vehumet
Wu Jian
Xom
Zin

Shops:
D:7 (   D:8 (**   D:9 [


Innate Abilities, Weirdness & Mutations

You reflexively headbutt those who attack you in melee.
You have a pair of horns on your head.
You are partially covered in rugged brown scales. (AC +1, +3% HP)
Your flesh is heat resistant. (rF+)
You are covered in fur. (AC +1)
Your spells are a little harder to cast, but a little more powerful.


Message History

You block the seven-headed hydra's attack.
The seven-headed hydra bites you!
* * * LOW HITPOINT WARNING * * *
The seven-headed hydra bites you but does no damage.
You block the komodo dragon's attack.
You feel much better. The crocodile bites you.
The seven-headed hydra bites you but does no damage.
The seven-headed hydra barely misses you.
You block the seven-headed hydra's attack.
The seven-headed hydra bites you!
* * * LOW HITPOINT WARNING * * *
You block the seven-headed hydra's attack.
The seven-headed hydra bites you but does no damage.
The seven-headed hydra barely misses you.
The komodo dragon bites you!!
* * * LOW HITPOINT WARNING * * *
An iguana comes into view.
As you read the scroll of teleportation, it crumbles to dust.
You feel strangely unstable. The crocodile bites you.
You die...

#..##.###...##P.≈.#
##
....#$P...#.#.≈.≈.#
#
#P.#..P.#....P≈≈≈.#
#......#...#P≈≈≈≈≈#
.#.........##P.≈≈.#
....##..#### ..≈≈≈#
..PP##÷÷# .#.≈
#......D# .
....##.#@# #.
#..tll# #P......
#...#..## #.P. ##.
#... .# #..l # ....


You could see a seven-headed hydra, a komodo dragon, a basilisk, a crocodile and
an iguana.

Vanquished Creatures
  A hydra (D:8)
  A two-headed ogre (D:10)
  Sonja (Lair:1)
  An unseen horror (D:10)
  An oklob plant (Lair:1)
  Joseph (D:8)
  A gargoyle (D:10)
  The ghost of Amnesiac the Nimble, a novice SpFi of Okawaru (D:7)
  A spiny frog (Lair:1)
  A centaur skeleton (D:10)
  3 komodo dragons (Lair:2)
  A troll (D:10)
  A hornet (shapeshifter) (D:10)
  4 blink frogs (Lair:1)
  3 hippogriffs
  2 dream sheep (D:8)
  Sigmund (D:2)
  3 wyverns
  14 yaks
  A hungry ghost (D:10)
  A steam dragon (D:10)
  A water moccasin (D:7)
  An acid dragon (D:9)
  A porcupine (Lair:1)
  9 orc warriors
  4 phantoms
  A black bear (D:10)
  5 sky beasts
  2 ice beasts (D:10)
  6 wolves (Lair:1)
  5 ogres
  6 centaurs
  2 crocodiles
  6 big kobolds
  9 bullfrogs
  A wyvern skeleton (D:10)
  3 scorpions
  4 killer bees (D:10)
  13 wights
  A howler monkey (D:5)
  4 crimson imps
  2 bullfrog zombies
  A quasit (D:6)
  4 hounds
  A jelly (D:8)
  10 orc priests
  A bullfrog skeleton (D:10)
  Natasha (thrice) (D:2 D:4)
  Terence (D:2)
  5 worker ants
  10 iguanas
  9 orc wizards
  2 worker ant zombies (D:5)
  5 gnolls
  14 adders
  A shadow imp (D:7)
  4 worms
  4 dart slugs
  6 leopard geckos
  49 orcs
  5 giant cockroaches
  8 goblins
  7 hobgoblins
  14 jackals
  2 quokkas
  5 ball pythons
  8 bats
  10 frilled lizards
  A giant cockroach zombie (D:3)
  26 kobolds
  A quokka skeleton (D:3)
  9 rats
  A bush (Lair:1)
  A plant (Temple)
358 creatures vanquished.

Vanquished Creatures (others)
  A centaur (D:8)
  A fungus (Lair:1)
  A plant (Sewer)
3 creatures vanquished.

Grand Total: 361 creatures vanquished

Notes
Turn   | Place    | Note
-------+----------+-------------------------------------------
     0 | D:1      | Gildeon the Minotaur Fighter began the quest for the Orb.
     0 | D:1      | Reached XP level 1. HP: 19/19 MP: 0/0
   214 | D:1      | Reached skill level 3 in Axes
   287 | D:1      | Reached XP level 2. HP: 21/26 MP: 1/1
   497 | D:2      | Noticed Natasha
   506 | D:1      | Reached skill level 4 in Axes
   764 | D:2      | Noticed a crimson imp
   766 | D:2      | Killed Natasha
   766 | D:2      | Reached XP level 3. HP: 27/31 MP: 2/2
   770 | D:2      | Reached skill level 5 in Axes
   839 | D:2      | Reached XP level 4. HP: 38/39 MP: 3/3
  1333 | D:2      | Noticed Terence
  1337 | D:2      | Killed Terence
  1438 | D:2      | Noticed Sigmund
  1450 | D:2      | Killed Sigmund
  1450 | D:2      | Reached skill level 7 in Axes
  1450 | D:2      | Reached XP level 5. HP: 16/45 MP: 4/4
  1450 | D:2      | Reached XP level 6. HP: 18/51 MP: 5/5
  1747 | D:3      | Gained mutation: Your spells are a little harder to cast, but a little more powerful. [potion of mutation]
  1747 | D:3      | Gained mutation: You are covered in fur. (AC +1) [potion of mutation]
  1747 | D:3      | Gained mutation: Your flesh is heat resistant. (rF+) [potion of mutation]
  1747 | D:3      | Gained mutation: You are partially covered in rugged brown scales. (AC +1, +3% HP) [potion of mutation]
  1847 | D:4      | Found a glowing drain.
  1863 | Sewer    | Entered a sewer
  1883 | Sewer    | Reached skill level 8 in Axes
  3395 | D:4      | Reached skill level 9 in Axes
  3452 | D:4      | Noticed Natasha
  3455 | D:4      | Killed Natasha
  3495 | D:5      | Entered Level 5 of the Dungeon
  3562 | D:4      | Got a heavily runed ivory ring
  3563 | D:4      | Identified the ring of Amorality {Str+9 Int+6 Slay+6} (You found it on level 4 of the Dungeon)
  3654 | D:4      | Reached XP level 7. HP: 45/58 MP: 6/6
  3752 | D:4      | Noticed Natasha
  3755 | D:4      | Killed Natasha
  4647 | D:5      | Reached skill level 10 in Axes
  4686 | D:5      | Reached skill level 11 in Axes
  4881 | D:5      | Reached XP level 8. HP: 65/65 MP: 7/7
  4989 | D:5      | Found a shimmering altar of Xom.
  5378 | D:5      | Reached skill level 12 in Axes
  5726 | D:6      | Reached skill level 13 in Axes
  6054 | D:7      | Reached XP level 9. HP: 68/72 MP: 8/8
  6081 | D:7      | Noticed Amnesiac's ghost (novice SpFi)
  6106 | D:7      | Reached skill level 14 in Axes
  6109 | D:7      | Killed Amnesiac's ghost
  6215 | D:7      | Found Ziukev's Weapon Shop.
  6263 | D:7      | Reached skill level 15 in Axes
  6351 | D:8      | Found Rukhlywa's General Store.
  6351 | D:8      | Noticed Joseph
  6402 | D:7      | Found a staircase to the Ecumenical Temple.
  6422 | Temple   | Entered the Ecumenical Temple
  6533 | Temple   | Became a worshipper of Qazlal Stormbringer
  6878 | D:7      | Reached skill level 5 in Fighting
  7038 | D:8      | Killed Joseph
  7038 | D:8      | Reached XP level 10. HP: 75/83 MP: 9/9
  7090 | D:8      | Reached skill level 5 in Armour
  7124 | D:8      | Reached skill level 1 in Dodging
  7157 | D:8      | Bought a scroll of identify for 28 gold pieces
  7157 | D:8      | Bought a ration for 70 gold pieces
  7179 | D:8      | Found Wupp's General Store.
  7203 | D:8      | Reached skill level 5 in Dodging
  7249 | D:8      | Bought a scroll of identify for 30 gold pieces
  7249 | D:8      | Bought 2 scrolls of identify for 60 gold pieces
  7249 | D:8      | Bought a scroll of identify for 30 gold pieces
  7249 | D:8      | Bought a +3 amulet of reflection for 235 gold pieces
  7365 | D:8      | Found Paeclihu's Antique Weapon Boutique.
  7407 | D:8      | Found a glowing silver altar of Zin.
  7560 | D:8      | Reached * piety under Qazlal
  7560 | D:8      | Reached skill level 5 in Shields
  7565 | D:8      | Reached skill level 1 in Spellcasting
  7636 | D:8      | Noticed a three-headed hydra
  7643 | D:8      | Killed a one-headed hydra
  8004 | D:10     | Entered Level 10 of the Dungeon
  8086 | D:9      | Reached XP level 11. HP: 90/90 MP: 15/15
  8183 | D:9      | Found a staircase to the Orcish Mines.
  8191 | D:9      | Found Wouj's Armour Boutique.
  8863 | D:10     | Reached ** piety under Qazlal
  8913 | D:10     | Noticed a two-headed ogre
  8923 | D:10     | Killed a two-headed ogre
  8923 | D:10     | Reached skill level 5 in Spellcasting
  8931 | D:10     | Reached skill level 1 in Invocations
  9201 | D:10     | Identified a scroll of acquirement
  9210 | D:10     | Reached skill level 5 in Invocations
  9284 | D:10     | Reached *** piety under Qazlal
  9301 | D:10     | Reached skill level 1 in Evocations
  9308 | D:10     | Learned a level 1 spell: Animate Skeleton
  9310 | D:10     | Learned a level 1 spell: Pain
  9425 | D:10     | Killed an unseen horror
  9452 | D:10     | Found a staircase to the Lair.
  9594 | D:10     | Learned a level 1 spell: Corona
  9819 | D:10     | Reached skill level 1 in Hexes
  9841 | D:11     | Noticed a two-headed ogre
 10028 | D:10     | Learned a level 1 spell: Summon Small Mammal
 10073 | Lair:1   | Entered Level 1 of the Lair of Beasts
 10139 | Lair:2   | Noticed Sonja
 10157 | Lair:1   | Killed Sonja
 10597 | Lair:1   | Reached XP level 12. HP: 90/96 MP: 19/19
 11170 | Lair:1   | Got a scorched mace
 11171 | Lair:1   | Identified the +8 mace of War {holy, rF- Str+3 Dex+2} (You found it on level 1 of the Lair of Beasts)
 11480 | Lair:2   | Noticed an eight-headed hydra
 11489 | Lair:2   | HP: 1/96 [komodo dragon (22)]
 11490 | Lair:2   | Slain by a crocodile

Vault maps used:
D:1:      dpeg_arrival_boxes_within_box
D:2:      first_ration, uniq_sigmund, uniq_natasha, uniq_terence
D:3:      corexii_leaking_fountain
D:4:      cheibrodos_sewer_entry_bend
D:5:      tgw_xom
D:6:      hangedman_decor_riveting, st_stairs_4
D:7:      minmay_temple_entry_mist, serial_shops, shop_statue
D:8:      zin_statuary, serial_shops, shop_fountains, shop, shop,
          hangedman_ranch, kennysheep_generic_room_4, uniq_joseph
D:9:      orc_david_3
D:10:     lair_entry_dummy, roderic_lattice_a
D:11:     enter_bailey_3, serial_shops, shop
Temple:   kilobyte_greek_temple
Lair:1:   minmay_lair_oklob_items
Lair:2:   beast_lair_carwin_large_4, st_stairs_7, uniq_erica, uniq_sonja
Lair:3:   minmay_lair_oklob_chamber
Sewer:    sewer_co_scattered_pipes

Skill      XL: |  1  2  3  4  5  6  7  8  9 10 11 12 |
---------------+-------------------------------------+-----
Axes           | 3 4 5 7 9 11 13 15 | 15.8
Fighting       | 5 |  5.2
Armour         | 4 5 |  5.2
Dodging        | 5 |  5.5
Shields        | 5 |  5.1
Spellcasting   | 3 5 |  5.3
Invocations    | 5 |  5.0
Evocations     | 1 |  1.2
Necromancy     | 3 |  3.2
Hexes          | 3 4 |  4.5

Action                   |  1- 3 |  4- 6 |  7- 9 | 10-12 || total
-------------------------+-------+-------+-------+-------++-------
Melee: War axe           |    62 |   168 |   162 |       ||   392
       Headbutt          |     6 |    22 |    60 |   106 ||   194
       Hand axe          |       |       |    33 |   362 ||   395
Evoke: Wand              |       |       |       |     7 ||     7
  Use: Scroll            |     2 |     5 |     7 |    17 ||    31
       Potion            |     1 |     2 |     3 |    11 ||    17
  Eat: Chunk             |       |     6 |    11 |     9 ||    26
       Ration            |       |     1 |       |     2 ||     3
Armor: Scale mail        |    19 |    48 |       |       ||    67
       Chain mail        |       |       |    19 |       ||    19
       Plate armour      |       |       |    30 |   112 ||   142
Dodge: Dodged            |    16 |    49 |    24 |    70 ||   159
Block: Shield            |    46 |    79 |   118 |   245 ||   488
       Reflection        |     5 |     6 |    19 |    21 ||    51

Table legend:
 A = Spawn XP
 B = Non-spawn XP
 C = Spawn XP percentage of total XP
 D = Spawn monster count
 E = Non-spawn monster count
 F = Spawn count percentage of total count
 G = Total turns spent on level
                    A         B        C        D         E        F      G
               +---------+---------+-------+---------+---------+-------+---------
         Total |       0 |   24946 |   0.0 |       0 |     357 |   0.0 | 11490
               +---------+---------+-------+---------+---------+-------+---------
           D:1 |       0 |      39 |   0.0 |       0 |      20 |   0.0 |   759
           D:2 |       0 |     355 |   0.0 |       0 |      21 |   0.0 |   924
           D:3 |       0 |     169 |   0.0 |       0 |      28 |   0.0 |   989
           D:4 |       0 |     296 |   0.0 |       0 |      19 |   0.0 |  1222
           D:5 |       0 |     901 |   0.0 |       0 |      26 |   0.0 |   869
           D:6 |       0 |     965 |   0.0 |       0 |      19 |   0.0 |   550
           D:7 |       0 |    2326 |   0.0 |       0 |      42 |   0.0 |   866
           D:8 |       0 |    5480 |   0.0 |       0 |      36 |   0.0 |   932
           D:9 |       0 |    1386 |   0.0 |       0 |      27 |   0.0 |   913
          D:10 |       0 |    7357 |   0.0 |       0 |      67 |   0.0 |  1190
          D:11 |       0 |     200 |   0.0 |       0 |       6 |   0.0 |    31
        Lair:1 |       0 |    4036 |   0.0 |       0 |      17 |   0.0 |  1256
        Lair:2 |       0 |    1369 |   0.0 |       0 |       8 |   0.0 |   159
         Sewer |       0 |      67 |   0.0 |       0 |      21 |   0.0 |   684
               +---------+---------+-------+---------+---------+-------+---------
